 Dungeon Crawl Stone Soup version 0.16.2-12-gd0ad4c3 (webtiles) character file.

29 faibistes the Magician (level 3, -2/19 HPs)
             Began as a Deep Elf Wizard on Feb 17, 2018.
             Shot with a stone by a goblin (8 damage)
             ... led by Robin
             ... on level 2 of the Dungeon.
             The game lasted 00:02:46 (1032 turns).

faibistes the Magician (Deep Elf Wizard)            Turns: 1032, Time: 00:02:46

Health: -2/19      AC:  3    Str:  4    XL:     3   Next: 1%
Magic:  1/13       EV: 13    Int: 23    God:
Gold:   16         SH:  0    Dex: 13    Spells: 3 memorised, 6 levels left

rFire  . . .     SeeInvis .     g - +0 dagger (drain)
rCold  . . .     Clarity  .     a - +0 robe
rNeg   . . .     SustAb   .     (no shield)
rPois  .         Gourm    .     b - +0 hat
rElec  .         Spirit   .     (no cloak)
rCorr  .         Warding  .     m - +0 pair of gloves
rMut   .         Stasis   .     (no boots)
MR     .....                    (no amulet)
Stlth  ++........               (no ring)
                                (no ring)

@: not resistant to hostile enchantments, unstealthy
A: no striking features
a: no special abilities


You were on level 2 of the Dungeon.
You were not hungry.

You visited 1 branch of the dungeon, and saw 2 of its levels.

You collected 16 gold pieces.

Inventory:

Hand weapons
 g - a +0 dagger of draining (weapon)
Armour
 a - a +0 robe (worn)
 b - a +0 hat (worn)
 m - a +0 pair of gloves (worn)
Jewellery
 i - an uncursed amulet of stasis
Magical devices
 n - a wand of teleportation (1)
Scrolls
 e - a scroll of recharging {unknown}
 j - a scroll of teleportation {unknown}
 k - a scroll of random uselessness {unknown}
Potions
 h - 2 potions of degeneration {unknown}
 l - a potion of flight {unknown}
Books
 c - a book of Minor Magic

   Spells                             Type                      Level
   a - Magic Dart                     Conjuration                  1
   b - Blink                          Translocation                2
   c - Call Imp                       Summoning                    2
   d - Repel Missiles                 Charms/Air                   2
   e - Slow                           Hexes                        2
   f - Conjure Flame                  Conjuration/Fire             3
   g - Mephitic Cloud                 Conjuration/Poison/Air       3
Comestibles
 d - a bread ration
 f - a chunk of flesh


   Skills:
 + Level 3.0 Dodging
 - Level 2.4 Stealth
 * Level 4.8 Spellcasting
 * Level 2.3 Conjurations
 - Level 1.1 Summonings
 - Level 1.1 Translocations


You had 6 spell levels left.
You knew the following spells:

 Your Spells              Type           Power        Failure   Level  Hunger
a - Magic Dart            Conj           ###.         3%          1    None
c - Call Imp              Summ           ##......     12%         2    None
d - Blink                 Tloc           N/A          12%         2    None


Dungeon Overview and Level Annotations

Branches:
Dungeon (2/15)

Altars:


Message History

You feel clever.
Casting: Magic Dart
Confirm with . or Enter, or press ? or * to list all spells.
Aiming: Magic Dart
Press: ? - help, Shift-Dir - straight line, f - goblin
Aim: a goblin, wielding a club The magic dart hits the goblin.
The goblin is moderately wounded.
The goblin hits you with a club.
The goblin unwields an uncursed club.
The goblin wields an uncursed hunting sling.
The goblin shoots a stone.
The stone hits you.
Casting: Magic Dart
Confirm with . or Enter, or press ? or * to list all spells.
Aiming: Magic Dart
Press: ? - help, Shift-Dir - straight line, f/p - goblin
Aim: a goblin, wielding a club (moderately wounded)
The magic dart hits the goblin.
You kill the goblin!
The goblin shoots a stone.
The stone hits you!
You die...

... ........#
.........##
...........
#..........#
....$......###
#.......)...
#.....).# #@†#
#.........
...######
##..# ....
..(.. ≈≈.≈≈
≈≈≈.≈≈≈ ≈g.


You could see a goblin.

Vanquished Creatures
  2 giant geckos (D:1)
  An ooze (D:1)
  2 giant cockroaches (D:1)
  2 hobgoblins (D:2)
  A giant newt (D:1)
  11 goblins
  A kobold (D:1)
  A rat (D:1)
21 creatures vanquished.

Vanquished Creatures (collateral kills)
  Robin (D:1)
  2 goblins (D:1)
3 creatures vanquished.

Grand Total: 24 creatures vanquished

Notes
Turn   | Place    | Note
--------------------------------------------------------------
     0 | D:1      | faibistes, the Deep Elf Wizard, began the quest for the Orb.
     0 | D:1      | Reached XP level 1. HP: 10/10 MP: 6/6
   375 | D:1      | Reached XP level 2. HP: 9/15 MP: 4/9
   382 | D:1      | Learned a level 2 spell: Blink
   385 | D:1      | Learned a level 2 spell: Call Imp
   545 | D:2      | Noticed Robin
   923 | D:1      | Killed Robin
  1030 | D:2      | Reached XP level 3. HP: 11/19 MP: 2/13
  1032 | D:2      | Shot with a stone by a goblin

Action                   || total
-------------------------++-------
Melee: Dagger            ||     1
 Cast: Magic Dart        ||    46
       Call Imp          ||     5
       Blink             ||     3
